 Dungeon Crawl Stone Soup version 0.15-a0-1115-g12a312a (console) character file.

133 gw the Cudgeler (level 5, -1/55 HPs)
             Began as an Ogre Berserker on May 28, 2014.
             Was a Believer of Trog.
             Slain by an orc
             ... wielding a +0,+0 whip
              (2 damage)
             ... on Level 3 of the Dungeon.
             The game lasted 00:00:38 (1754 turns).

gw the Cudgeler (Ogre Berserker)                    Turns: 1754, Time: 00:00:38

HP  -1/55        AC  3     Str 22      XL: 5   Next: 16%
MP   5/5         EV 10     Int  6      God: Trog [**....]
Gold 0           SH  0     Dex 10      Spells:  0 memorised,  4 levels left

rFire  . . .     SeeInvis .     a - +0 mace
rCold  . . .     Clarity  .     b - +0 animal skin
rNeg   + . .     Conserve .     (shield restricted)
rPois  .         rCorr    .     (helmet restricted)
rElec  .         rRot     .     (no cloak)
SustAb .         Spirit   .     (gloves unavailable)
rMut   .         Warding  .     (boots unavailable)
Gourm  .         Stasis   .     (no amulet)
MR     .....                    e - ring of positive energy
                                i - cursed ring of stealth

@: not resistant to hostile enchantments, unstealthy
A: unfitting armour, tough skin 1
a: Burn Spellbooks, Berserk, Trog's Hand, Renounce Religion


You were on level 3 of the Dungeon.
You worshipped Trog.
Trog was pleased with you.
You were hungry.

You visited 1 branch of the dungeon, and saw 3 of its levels.

Inventory:

Hand weapons
 a - a +0,+0 mace (weapon)
Missiles
 f - 4 tomahawks
 h - 16 darts (quivered)
Armour
 b - a +0 animal skin (worn)
Comestibles
 c - a meat ration
 j - 7 fruits
Scrolls
 d - a scroll of identify
Jewellery
 e - a ring of positive energy (right hand)
 i - a cursed ring of stealth (left hand)


   Skills:
 + Level 4.6 Fighting
 * Level 5.8 Maces & Flails
 + Level 2.0 Throwing
 + Level 3.6 Dodging


You had 4 spell levels left.
You didn't know any spells.

Dungeon Overview and Level Annotations

Branches:
Dungeon (3/15)

Altars:
Nemelex Xobeh


Innate Abilities, Weirdness & Mutations

You are too large for most types of armour.
You have tough skin (AC +1).


Message History

You hear some strange, mumbled words.
The puff of flame hits you!
One of your 2 scrolls of identify catches fire!
The orc hits you but does no damage.
ATTACKING (0,-1) Ouch!
You hear some strange, mumbled words.
The magic dart hits you! The orc closely misses you.
ATTACKING (0,-1) Ouch!
Something hits you. The orc hits you with a whip.
ATTACKING (0,-1) Ouch!
Something hits you but does no damage. The orc hits you with a whip.
ATTACKING (0,-1) Ouch!
You feel less confused.
You hear some strange, mumbled words.
The puff of flame hits you! The orc hits you with a whip.
You die...

#.# ### #.# # #..
#.# .. #.# #.# .#
#.# #.# #.# #.# #.#
#.# #.# #g# #.# #.#
#o#####.# #.#
#O......# ##.##
###...<.######...#
#####.###...........
#.%))># #...)....###
#.###.###.####..P').
#.# #....g#..#...#..
#.# ###.#.#.['..####
#.# #.#.####..#...
#.#####.#....Pg.'...


You could see an orc and a goblin.

Table legend:
 A = Turns spent in this place as a percentage of turns spent in the entire game.
 B = Non-inter-level travel turns spent in this place as a percentage of non-inter-level travel turns spent in the entire game.
 C = Inter-level travel turns spent in this place as a percentage of turns spent in this place.
 D = Turns resting spent in this place as a percentage of non-inter-level travel turns spent in this place.
 E = Turns spent auto-exploring this place as a percentage of non-inter-level travel turns spent in this place.
 F = Non-inter-level travel turns spent in this place divided by the number of levels of this place that you've seen.
                   A       B       C       D       E      F
               +-------+-------+-------+-------+-------+----------------------
         Total | 100.0 | 100.0 |   1.0 |  10.3 |  19.4 | 103.3
       Dungeon | 100.0 | 100.0 |   1.0 |  10.3 |  19.4 | 103.3
               +-------+-------+-------+-------+-------+----------------------

Table legend:
 A = Kills in this place as a percentage of kills in entire the game.
 B = Kills by you in this place as a percentage of kills by you in the entire game.
 C = Kills by friends in this place as a percentage of kills by friends in the entire game.
 D = Other kills in this place as a percentage of other kills in the entire game.
 E = Experience gained in this place as a percentage of experience gained in the entire game.
 F = Experience gained in this place divided by the number of levels of this place that you have seen.
                   A       B       C       D       E      F
               +-------+-------+-------+-------+-------+----------------------
         Total | 100.0 | 100.0 |  -nan |  -nan | 100.0 |  63.7
       Dungeon | 100.0 | 100.0 |  -nan |  -nan | 100.0 |  63.7
               +-------+-------+-------+-------+-------+----------------------

Vanquished Creatures
  Sigmund (D:3)
  2 adders
  A giant gecko (D:1)
  10 orcs (D:3)
  2 bats
  6 hobgoblins
  A ball python (D:1)
  A giant cockroach (D:1)
  3 giant newts
  4 goblins
  A kobold (D:1)
32 creatures vanquished.

Notes
Turn   | Place    | Note
--------------------------------------------------------------
     0 | D:1      | gw, the Ogre Berserker, began the quest for the Orb.
     0 | D:1      | Reached XP level 1. HP: 24/24 MP: 1/1
   349 | D:1      | Found a sparkling altar of Nemelex Xobeh.
   374 | D:1      | Reached XP level 2. HP: 28/32 MP: 2/2
   879 | D:1      | Reached XP level 3. HP: 21/39 MP: 3/3
  1043 | D:3      | Noticed Sigmund
  1100 | D:3      | Reached skill level 1 in Throwing
  1110 | D:3      | Killed Sigmund
  1110 | D:3      | Reached skill level 5 in Maces & Flails
  1110 | D:3      | Reached XP level 4. HP: 45/49 MP: 4/4
  1220 | D:3      | Acquired Trog's second power
  1257 | D:3      | Reached XP level 5. HP: 55/55 MP: 5/5
  1754 | D:3      | HP: 1/55 [something/puff of flame (5)]
  1754 | D:3      | Slain by an orc

Action                   |  1- 3 |  4- 6 || total
-------------------------+-------+-------++-------
Melee: Mace              |    58 |    42 ||   100
Throw: Dart              |    18 |    12 ||    30
Invok: Berserk           |     2 |       ||     2
  Use: Scroll            |     4 |       ||     4
       Potion            |     2 |       ||     2
 Stab: Distracted        |       |     1 ||     1

Vault maps used:
D:1:      minmay_arrival_split_and_join, minmay_misc_feat_four_crosses,
          serial_park_tiny_2, serial_park_tiny_1, nemelex_deck
D:3:      corexii_shack_village, uniq_sigmund, uniq_iyjb
